 Dungeon Crawl Stone Soup version 0.23-a0-619-g281719c (webtiles) character file.

20432 MalarOregon the Impaler (level 12, 0/147 HPs)
             Began as a Merfolk Gladiator on Dec 22, 2018.
             Was an Elder of Nemelex Xobeh.
             Slain by a sixfirhy (12 damage)
             ... in a Gauntlet.
             The game lasted 00:36:18 (14042 turns).

MalarOregon the Impaler (Merfolk Gladiator)        Turns: 14042, Time: 00:36:19

Health: 0/147      AC: 26    Str: 15    XL:     12   Next: 79%
Magic:  17/17      EV:  2    Int: 12    God:    Nemelex Xobeh [****..]
Gold:   648        SH:  0    Dex: 15    Spells: 7/18 levels left

rFire    . . .     SeeInvis .   p - +1 halberd
rCold    + . .     Gourm    .   (shield currently unavailable)
rNeg     + + +     Faith    .   (armour currently unavailable)
rPois    +         Spirit   .   (helmet currently unavailable)
rElec    .         Reflect  .   (cloak currently unavailable)
rCorr    .         Harm     .   (gloves currently unavailable)
MR       +....     NoTele   +   (boots currently unavailable)
Stlth    +.........             (no amulet)
HPRegen  0.34/turn              o - ring of protection from cold
MPRegen  0.15/turn              l - ring of protection from magic

@: confused, tree-form
A: (change form in water), (swift swim), (stealthy swim)
a: Draw Escape, Draw Destruction, Draw Summoning, Triple Draw, Deal Four,
Renounce Religion


You were in a Gauntlet.
You worshipped Nemelex Xobeh.
Nemelex Xobeh was greatly pleased with you.
You were very hungry.
You were a tree.
You visited 3 branches of the dungeon, and saw 13 of its levels.
You also visited: Gauntlet.

You collected 848 gold pieces.
You spent 200 gold pieces at shops.

Inventory:

Hand Weapons
 a - a +0 trident
 p - a +1 halberd (weapon)
   (You found it on level 2 of the Dungeon)
Missiles
 d - 3 throwing nets (quivered) {!f}
Armour
 j - a +0 cloak (melded)
   (You found it on level 3 of the Dungeon)
 r - a +0 pair of gloves (melded)
   (You found it on level 4 of the Dungeon)
 t - a +2 helmet of intelligence (melded)
   (You found it on level 8 of the Dungeon)
 x - a +4 ring mail of cold resistance (melded)
   (You took it off Ijyb on level 3 of the Dungeon)
 I - a +1 pair of boots (melded)
   (You found it on level 9 of the Dungeon)
Jewellery
 l - a ring of protection from magic (right branch)
   (You found it on level 5 of the Dungeon)
 o - a ring of protection from cold (left branch)
   (You found it on level 2 of the Dungeon)
 z - an uncursed ring of see invisible
   (You found it on level 11 of the Dungeon)
 A - an uncursed ring of positive energy
   (You found it on level 5 of the Dungeon)
 D - an uncursed ring of ice
   (You found it on level 6 of the Dungeon)
 H - an uncursed ring of fire
   (You found it on level 8 of the Dungeon)
Wands
 b - a wand of polymorph (7)
   (You took it off Crazy Yiuf on level 3 of the Dungeon)
 c - a wand of disintegration (17)
   (You found it on level 6 of the Dungeon)
 u - a wand of paralysis (5)
   (You found it on level 11 of the Dungeon)
 v - a wand of digging (5)
   (You found it on level 7 of the Dungeon)
 w - a wand of clouds (4)
   (You took it off Ijyb on level 3 of the Dungeon)
Scrolls
 f - 2 scrolls of remove curse {@r2}
 g - 4 scrolls of amnesia
 i - 9 scrolls of identify {@r1}
 m - a scroll of fog
 s - a scroll of blinking
 B - 3 scrolls of teleportation {@r4}
 C - 4 scrolls of immolation {!r}
 N - a scroll of enchant weapon
Potions
 h - a potion of magic
 k - a potion of haste {@q3}
 n - 4 potions of cancellation
 E - a potion of flight
 F - 2 potions of might
 G - 3 potions of curing {@q1}
 J - a potion of ambrosia
 O - a potion of resistance
Miscellaneous
 y - a sack of spiders
Comestibles
 e - 24 rations {!d}


   Skills:
 + Level 10.3 Fighting
 - Level 16.0 Polearms
 - Level 2.0 Throwing
 + Level 0.9 Armour
 + Level 12.4 Dodging
 + Level 3.5 Spellcasting
 - Level 1.2 Hexes
 + Level 3.8 Summonings
 + Level 3.5 Transmutations
 - Level 6.0 Ice Magic
 + Level 6.6 Invocations
 - Level 4.0 Evocations


You had 7 spell levels left.
You knew the following spells:

 Your Spells              Type           Power        Failure   Level  Hunger
a - Freeze                Ice            ###.         1%          1    #......
b - Confusing Touch       Hex            #.....       14%         1    #......
c - Yara's Violent Unrav  Hex/Tmut       #.........   94%         5    ######.
d - Summon Ice Beast      Ice/Summ       ##......     30%         4    #####..

Your spell library contained the following spells:

 Spells                   Type           Power        Failure   Level  Hunger
 Throw Frost              Conj/Ice       #.....       11%         2    ##.....
 Ozocubu's Armour         Chrm/Ice       #.......     21%         3    ###....
 Confuse                  Hex            #.......     38%         3    ###....
 Gell's Gravitas          Tloc           #.........   56%         3    ###....
 Throw Icicle             Conj/Ice       #.......     56%         4    #####..
 Petrify                  Tmut/Erth      #.......     73%         4    #####..
 Metabolic Englaciation   Hex/Ice        ##........   82%         5    ######.


Dungeon Overview and Level Annotations

Branches:
Dungeon (11/15)            Temple (1/1) D:4            Lair (1/6) D:11
    Orc (0/2) D:11

Altars:
Ashenzari
Cheibriados
Dithmenos
Elyvilon
Fedhas
Gozag
Hepliaklqana
Kikubaaqudgha
Makhleb
Nemelex Xobeh
Okawaru
Qazlal
Ru
Sif Muna
Trog
Uskayaw
Vehumet
Wu Jian
Xom
Yredelemnul
Zin
The Shining One

Shops:
D:4 }   D:10 ?

Annotations:
Gauntlet 3 transporters


Message History

Attack whom?
Aim: a sixfirhy (heavily wounded)
You reach to attack!
You barely miss the sixfirhy.
The sixfirhy hits MalarOregon's illusion.
The sixfirhy shocks MalarOregon's illusion!
The sixfirhy misses MalarOregon's illusion.
The sixfirhy barely misses MalarOregon's illusion.
MalarOregon's illusion gestures at the sixfirhy while chanting.
The sixfirhy is frozen.
Attack whom?
Aim: a sixfirhy (almost dead)
You could not reach far enough!
The sixfirhy hits MalarOregon's illusion but does no damage. x2
Attack whom?
Aim: a sixfirhy (almost dead)
You could not reach far enough!
The sixfirhy barely misses MalarOregon's illusion.
The sixfirhy hits MalarOregon's illusion.
The sixfirhy shocks MalarOregon's illusion!
MalarOregon's illusion hits the sixfirhy!!
The sixfirhy dies!
The sixfirhy hits MalarOregon's illusion but does no damage.
The sixfirhy hits MalarOregon's illusion!
The sixfirhy shocks MalarOregon's illusion!
MalarOregon's illusion dies!
The sixfirhy hits you!
* * * LOW HITPOINT WARNING * * *
The sixfirhy shocks you!
* * * LOW HITPOINT WARNING * * *
You barely miss the sixfirhy. The sixfirhy completely misses you.
The sixfirhy barely misses you. The sixfirhy hits you!
* * * LOW HITPOINT WARNING * * *
The sixfirhy shocks you!
* * * LOW HITPOINT WARNING * * *
Really quaff
L - a potion of lignification {!q}?
You turn into a tree.
Your +0 cloak melds into your body.
Your +2 helmet of intelligence melds into your body.
Your +0 pair of gloves melds into your body.
Your +1 pair of boots melds into your body.
Your +4 ring mail of cold resistance melds into your body.
You feel stupid.
You feel less resistant to cold.
Your roots penetrate the ground.
Unknown command.
You are confused.
You feel invigorated.
You completely miss the sixfirhy. The sixfirhy hits you!
* * * LOW HITPOINT WARNING * * *
The sixfirhy shocks you!
You die...
Your body glows with a rainbow of weird colours and disappears.

..### ### ######
..#.3[.©!(..#.#..
.#.#.#.#.#.#.#.. ..
..#.#.#..#.#.#
..#.#.#.#.#.#.#.#.
..#..#.©.#..#.#...
..#.#.#.#.#.#.#.#
..#..#.#3#..#.#h## ..
..#.#.#.#♣#.#.#h.##.##..#.
..#.........#.#2........#.
..#######################.
......#©...........©#.....
8.....#######.#######.....
####........#.#...........
#8.......#.###########.
#######..#.#.........#.
#..#.#...###...#.


You could see a sixfirhy, a hellion and a hell hound.

Vanquished Creatures
  Erolcha (D:11)
  Harold (D:8)
  A centaur warrior (D:11)
  A death yak (D:11)
  A two-headed ogre (D:9)
  The ghost of Lanoc the Slicer, a novice HaBe of Trog (D:8)
  A sixfirhy (Gauntlet)
  A harpy (D:11)
  A deep elf mage (D:11)
  Joseph (D:7)
  3 gargoyles (D:9)
  6 trolls
  2 hornets
  Grinder (D:2)
  A hippogriff (D:7)
  A wraith (D:11)
  4 hogs (D:7)
  10 yaks
  Sigmund (D:3)
  A human (D:7)
  A wyvern (D:10)
  A hungry ghost (D:10)
  A soldier ant (D:7)
  Edmund (D:4)
  2 water moccasins
  A porcupine (Lair:1)
  4 orc warriors
  2 phantoms
  The ghost of Duffy the Chopper, an amateur NaGl (D:5)
  5 ice beasts
  The ghost of Lavandula the Magician, an amateur NaAE (D:3)
  5 ogres
  A necrophage (D:9)
  6 centaurs
  2 crocodiles (Lair:1)
  4 big kobolds
  5 bullfrogs
  2 water moccasin zombies
  A wyvern skeleton (D:10)
  4 scorpions
  3 killer bees (D:11)
  9 wights
  3 crimson imps
  4 bullfrog zombies
  A howler monkey (D:5)
  A centaur zombie (D:5)
  Crazy Yiuf (D:3)
  2 bullfrog skeletons
  5 orc priests
  6 hounds
  6 jellies
  2 centaur skeletons (D:5)
  13 orc wizards
  2 iguanas (D:9)
  Ijyb (D:3)
  Terence (D:3)
  6 worker ants
  A killer bee zombie (D:9)
  A centaur simulacrum (D:8)
  2 hound zombies
  A hound skeleton (D:7)
  A howler monkey zombie (D:5)
  A worker ant zombie (D:11)
  12 adders
  A gnoll (D:6)
  A hound simulacrum (D:8)
  4 shadow imps
  A white imp (D:8)
  A worker ant simulacrum (D:8)
  4 ufetubi (Gauntlet)
  An ooze (D:1)
  An adder zombie (D:7)
  5 worms
  A dart slug (D:5)
  An adder simulacrum (D:8)
  9 leopard geckos
  26 orcs
  2 ball pythons
  6 giant cockroaches
  7 goblins
  7 hobgoblins
  6 jackals
  7 quokkas
  9 bats
  6 frilled lizards
  A jackal skeleton (D:5)
  13 kobolds
  A leopard gecko zombie (D:5)
  A quokka skeleton (D:6)
  8 rats
305 creatures vanquished.

Vanquished Creatures (collateral kills)
  2 death yaks (D:11)
  A centaur warrior (D:9)
  3 sixfirhies (Gauntlet)
  A tengu conjurer (D:11)
  3 yaks (D:11)
  An orc warrior (D:10)
  A centaur (D:11)
  4 killer bees (D:11)
  A quasit (D:9)
  An orc priest (D:10)
  An orc wizard (D:10)
19 creatures vanquished.

Vanquished Creatures (others)
  A gargoyle (D:9)
  A yak (D:9)
  2 orc warriors
  A centaur (D:11)
  3 orc priests
  A ball lightning (D:9)
  3 orcs
  A bush (D:11)
  2 withered plants (D:3)
15 creatures vanquished.

Grand Total: 339 creatures vanquished

Notes
Turn   | Place    | Note
-------+----------+-------------------------------------------
     0 | D:1      | MalarOregon the Merfolk Gladiator began the quest for the
                  | Orb.
     0 | D:1      | Reached XP level 1. HP: 16/16 MP: 1/1
   109 | D:1      | Reached XP level 2. HP: 15/23 MP: 2/2
   201 | D:1      | Reached skill level 5 in Polearms
   698 | D:1      | Reached XP level 3. HP: 28/28 MP: 3/3
  1609 | D:2      | Reached XP level 4. HP: 26/34 MP: 4/4
  1946 | D:2      | Reached skill level 6 in Polearms
  2266 | D:3      | Noticed Grinder
  2280 | D:2      | Paralysed by Grinder for 3 turns
  2292 | D:2      | Paralysed by Grinder for 7 turns
  2306 | D:2      | Paralysed by Grinder for 7 turns
  2317 | D:2      | Killed Grinder
  2317 | D:2      | Reached skill level 7 in Polearms
  2317 | D:2      | Reached skill level 5 in Dodging
  2317 | D:2      | Reached XP level 5. HP: 25/42 MP: 5/5
  2317 | D:2      | Reached XP level 6. HP: 29/48 MP: 6/6
  2699 | D:3      | Found a runed door.
  2699 | D:3      | Noticed Lavandula's ghost (amateur NaAE)
  2725 | D:3      | Noticed Terence
  2750 | D:3      | Killed Terence
  2750 | D:3      | Reached skill level 8 in Polearms
  2794 | D:3      | Noticed Sigmund
  3549 | D:3      | Killed Sigmund
  3549 | D:3      | Reached XP level 7. HP: 27/55 MP: 5/7
  3566 | D:3      | Killed Lavandula's ghost
  3566 | D:3      | Reached skill level 9 in Polearms
  3813 | D:3      | Found a runed door.
  3936 | D:3      | Noticed Ijyb
  3956 | D:3      | Killed Ijyb
  4087 | D:3      | Noticed Crazy Yiuf
  4099 | D:3      | Killed Crazy Yiuf
  4201 | D:4      | Found Avaocleq's Gadget Shoppe.
  4210 | D:4      | Bought a sack of spiders for 200 gold pieces
  4212 | D:4      | Found a staircase to the Ecumenical Temple.
  4221 | Temple   | Entered the Ecumenical Temple
  4311 | Temple   | Became a worshipper of Nemelex Xobeh the Trickster
  4404 | D:4      | Received a gift from Nemelex Xobeh
  4598 | D:4      | Reached skill level 5 in Fighting
  4836 | D:4      | Noticed Edmund
  4882 | D:4      | Killed Edmund
  4882 | D:4      | Reached skill level 1 in Invocations
  4882 | D:4      | Reached XP level 8. HP: 62/62 MP: 8/8
  5085 | D:4      | Reached skill level 10 in Polearms
  5277 | D:5      | Entered Level 5 of the Dungeon
  5776 | D:5      | Reached skill level 11 in Polearms
  5872 | D:5      | Reached * piety under Nemelex Xobeh
  5872 | D:5      | Received a gift from Nemelex Xobeh
  6174 | D:5      | HP: 1/64 [orc warrior/+0 mace (4)]
  6326 | D:5      | Found a runed door.
  6361 | D:5      | Noticed Duffy's ghost (amateur NaGl)
  6501 | D:5      | Killed Duffy's ghost
  6501 | D:5      | Reached XP level 9. HP: 55/69 MP: 11/11
  6837 | D:6      | Reached skill level 12 in Polearms
  7098 | D:6      | Learned a level 1 spell: Freeze
  7103 | D:6      | Learned a level 4 spell: Summon Ice Beast
  7208 | D:6      | Found a glowing silver altar of Zin.
  7208 | D:6      | Found an ancient bone altar of Kikubaaqudgha.
  7213 | D:6      | Found a hide-covered altar of Uskayaw.
  7215 | D:6      | Found a snail-covered altar of Cheibriados.
  7216 | D:6      | Found a burning altar of Makhleb.
  7275 | D:6      | Found a bloodstained altar of Trog.
  7275 | D:6      | Found an iron altar of Okawaru.
  7461 | D:6      | Reached ** piety under Nemelex Xobeh
  7752 | D:7      | Reached skill level 1 in Ice Magic
  7758 | D:7      | Reached skill level 1 in Summonings
  7764 | D:7      | Reached skill level 1 in Evocations
  7792 | D:7      | Reached skill level 1 in Spellcasting
  8086 | D:7      | Reached XP level 10. HP: 58/79 MP: 11/13
  8095 | D:7      | Reached skill level 13 in Polearms
  8095 | D:7      | Reached skill level 5 in Invocations
  8688 | D:7      | Noticed Joseph
  8704 | D:7      | Killed Joseph
  8930 | D:8      | Received a gift from Nemelex Xobeh
  9198 | D:8      | Found a runed gate.
  9198 | D:8      | Found a runed gate.
  9198 | D:8      | Found a runed gate.
  9228 | D:8      | Noticed Lanoc's ghost (novice HaBe)
  9688 | D:8      | Noticed Harold
  9697 | D:8      | Killed Harold
  9697 | D:8      | Reached skill level 14 in Polearms
  9697 | D:8      | Reached skill level 10 in Dodging
  9955 | D:8      | Killed Lanoc's ghost
  9955 | D:8      | Reached XP level 11. HP: 64/86 MP: 14/14
 10101 | D:9      | Received a gift from Nemelex Xobeh
 10107 | D:9      | Noticed a centaur warrior
 10115 | D:9      | Killed a centaur warrior
 10115 | D:9      | Reached skill level 15 in Polearms
 10156 | D:9      | Reached *** piety under Nemelex Xobeh
 10277 | D:9      | Noticed a two-headed ogre
 10278 | D:9      | Found a glowing golden altar of the Shining One.
 10306 | D:9      | Killed a two-headed ogre
 10330 | D:9      | Reached skill level 5 in Ice Magic
 11191 | D:9      | Reached skill level 16 in Polearms
 11634 | D:10     | Entered Level 10 of the Dungeon
 11909 | D:10     | Reached XP level 12. HP: 49/96 MP: 15/15
 12173 | D:10     | Found Botan's Magic Scroll Boutique.
 12322 | D:11     | Found a blossoming altar of Fedhas.
 12327 | D:11     | Received a gift from Nemelex Xobeh
 12703 | D:11     | Noticed a centaur warrior
 12715 | D:11     | Killed a centaur warrior
 12750 | D:11     | Learned a level 1 spell: Confusing Touch
 12756 | D:11     | Learned a level 5 spell: Yara's Violent Unravelling
 12836 | D:11     | Noticed a death yak
 12836 | D:11     | Identified the cursed +1 whip "Qiocket" {slash, -Tele Str+5
                  | Int+3}
 12848 | D:11     | Noticed a death yak
 12854 | D:11     | Reached skill level 1 in Transmutations
 12861 | D:11     | Killed a death yak
 12861 | D:11     | Reached skill level 1 in Hexes
 12861 | D:11     | Noticed a death yak
 12880 | D:11     | Killed a death yak
 12880 | D:11     | Reached skill level 10 in Fighting
 12888 | D:11     | Noticed Erolcha
 12888 | D:11     | Killed a death yak
 12943 | D:11     | Killed Erolcha
 13001 | D:11     | Found a staircase to the Orcish Mines.
 13116 | D:11     | Found a staircase to the Lair.
 13168 | D:11     | Reached **** piety under Nemelex Xobeh
 13168 | D:11     | Received a gift from Nemelex Xobeh
 13323 | D:11     | Identified a scroll of acquirement
 13327 | Lair:1   | Entered Level 1 of the Lair of Beasts
 13417 | Lair:1   | Received a gift from Nemelex Xobeh
 13533 | Lair:1   | Found a gate leading to a gauntlet.
 13676 | Gauntlet | Entered a Gauntlet
 13676 | Gauntlet | Found a transporter.
 13676 | Gauntlet | Found a transporter.
 13680 | Gauntlet | Found a transporter.
 13694 | Gauntlet | Found a transporter.
 13998 | Gauntlet | Found a transporter.
 14012 | Gauntlet | Found a transporter.
 14042 | Gauntlet | Slain by a sixfirhy

Vault maps used:
D:1:      kilobyte_arrival_exit_the_forest, moated_statue
D:2:      minmay_fountain_box, hangedman_decor_slide_cut
D:3:      gammafunk_ghost_grave, uniq_ijyb, uniq_grinder, uniq_sigmund,
          uniq_terence, uniq_crazy_yiuf_cottage
D:4:      minmay_temple_entry_butterflies, serial_shops, shop, uniq_edmund
D:5:      first_ration, ebering_ghost_inner_flame
D:6:      grunt_temple_overflow_bloody_war, chequers_temple_overflow_minitemple,
          corexii_shack, serial_bayou_pond_c, minivault_10,
          minmay_a_box_with_orc_wizards_in_it
D:7:      grunt_livestock, uniq_joseph
D:8:      gammafunk_ghost_icy, uniq_harold
D:9:      cheibrodos_statue_roulette, lemuel_crystal_altar
D:10:     serial_shops, shop
D:11:     minmay_chambers_of_sixes, dpeg_lair_monsters,
          fedhas_bush_and_centaur_altar, uniq_erolcha
Temple:   nicolae_temple_great_sept
Lair:1:   gauntlet_entry_generic, nicolae_quartered_pool_super, minivault_27,
          minmay_lair_oklob_chamber, uniq_fannar
Gauntlet: gammafunk_gauntlet_branching

Skill      XL: |  1  2  3  4  5  6  7  8  9 10 11 12 |
---------------+-------------------------------------+-----
Polearms       | 5 7 8 9 11 12 14 16 | 16.0
Fighting       | 3 4 5 6 7 8 9 10 | 10.3
Dodging        | 5 6 8 9 10 11 12 | 12.4
Invocations    | 1 3 4 5 6 |  6.6
Ice Magic      | 1 3 6 |  6.0
Summonings     | 1 3 |  3.8
Evocations     | 2 4 |  4.0
Spellcasting   | 1 3 |  3.5
Transmutations | 3 |  3.5
Hexes          | 1 |  1.2
Throwing       | |  2.0
Armour         | |  0.9

Action                   |  1- 3 |  4- 6 |  7- 9 | 10-12 || total
-------------------------+-------+-------+-------+-------++-------
Melee: Trident           |   125 |   187 |    55 |       ||   367
       Halberd           |       |       |   458 |   757 ||  1215
       Unarmed           |       |       |     7 |       ||     7
Throw: Throwing net      |       |       |     1 |       ||     1
 Cast: Freeze            |       |       |     1 |       ||     1
 Abil: Draw Destruction  |       |       |       |    20 ||    20
       Draw Summoning    |       |       |       |    10 ||    10
       Draw Escape       |       |       |       |     6 ||     6
Evoke: Wand              |       |       |     2 |     4 ||     6
  Use: Potion            |       |     6 |       |     2 ||     8
       Scroll            |       |     3 |     7 |    12 ||    22
 Stab: Sleeping          |     4 |     1 |     1 |       ||     6
       Held in net/web   |       |       |     1 |       ||     1
       Confused          |       |       |     2 |       ||     2
       Paralysed         |       |       |       |     3 ||     3
  Eat: Chunk             |     2 |     7 |    11 |    19 ||    39
       Ration            |       |       |     1 |       ||     1
Armor: Leather armour    |    21 |    19 |     3 |       ||    43
       Skin              |       |     8 |       |       ||     8
       Ring mail         |       |       |   147 |   138 ||   285
Dodge: Dodged            |    59 |    84 |   348 |   411 ||   902

Table legend:
 A = Non-vault XP
 B = Vault XP
 C = Vault XP percentage of total XP
 D = Non-vault monster count
 E = Vault monster count
 F = Vault count percentage of total count
                 A         B        C        D         E       F
            +---------+---------+-------+---------+---------+-------
      Total |   16212 |   12977 |  44.5 |     278 |      57 |  17.0
            +---------+---------+-------+---------+---------+-------
        D:1 |      37 |       0 |   0.0 |      20 |       0 |   0.0
        D:2 |      79 |     262 |  76.8 |      22 |       1 |   4.3
        D:3 |     191 |     429 |  69.2 |      32 |       5 |  13.5
        D:4 |     282 |     153 |  35.2 |       8 |       1 |  11.1
        D:5 |     884 |     127 |  12.6 |      25 |       2 |   7.4
        D:6 |     882 |     219 |  19.9 |      29 |       7 |  19.4
        D:7 |    1630 |    1458 |  47.2 |      24 |       6 |  20.0
        D:8 |     669 |    2000 |  74.9 |      14 |       8 |  36.4
        D:9 |    5921 |    1475 |  19.9 |      40 |       4 |   9.1
       D:10 |    2096 |       0 |   0.0 |      35 |       0 |   0.0
       D:11 |    2931 |    4849 |  62.3 |      24 |      15 |  38.5
     Lair:1 |     610 |       0 |   0.0 |       5 |       0 |   0.0
   Gauntlet |       0 |    2005 | 100.0 |       0 |       8 | 100.0
            +---------+---------+-------+---------+---------+-------
